 Dungeon Crawl Stone Soup version 0.31-a0-174-g85c54bcb58 (webtiles) character file.

Game seed: 15655008794139879150

401 Anon1729 the Trooper (level 6, 0/56 HPs)
             Began as a Minotaur Monk on June 15, 2023.
             Slain by an ogre
             ... wielding a +0 giant club
              (20 damage)
             ... on level 5 of the Dungeon.
             The game lasted 00:01:31 (3090 turns).

Anon1729 the Trooper (Minotaur Monk)                Turns: 3090, Time: 00:01:32

Health: 0/56       AC:  9    Str: 15    XL:     6   Next: 54%
Magic:  7/7        EV:  9    Int:  7    God:
Gold:   150        SH:  0    Dex: 21    Spells: 5/5 levels left

rFire   . . .        p - +2 dagger (venom)
rCold   + . .        d - orb {light}
rNeg    . . .        q - +0 chain mail {rC+}
rPois   .            (helmet restricted)
rElec   .            (no cloak)
rCorr   .            (no gloves)
SInv    .            (no boots)
Will    .....        (no amulet) Stlth
                     s - +6 ring of dexterity
HPRegen 0.29/turn    (no ring)
MPRegen 0.10/turn

%: no passive effects
@: glowing
A: horns 2, retaliatory headbutt
a: no special abilities


You were on level 5 of the Dungeon.
You visited 1 branch of the dungeon, and saw 5 of its levels.

You collected 150 gold pieces.

Inventory:

Hand Weapons
 a - a +0 short sword
 p - a +2 dagger of venom (weapon)
Armour
 b - a +0 robe
 d - an orb of light (worn)
 q - a +0 chain mail of cold resistance (worn)
Jewellery
 s - a +6 ring of dexterity (left hand)
Scrolls
 c - 3 scrolls of teleportation {unknown}
 e - 2 scrolls of identify {unknown}
 i - 2 scrolls of immolation {unknown}
 j - a scroll of blinking {unknown}
 l - a scroll of poison {unknown}
 m - a scroll of brand weapon {unknown}
 n - a scroll of amnesia {unknown}
 o - a scroll of enchant weapon {unknown}
 r - a scroll of vulnerability {unknown}
Potions
 f - 3 potions of curing {unknown}
 g - a potion of mutation {unknown}
 h - a potion of might {unknown}
 k - a potion of resistance {unknown}


   Skills:
 + Level 5.0 Fighting
 + Level 4.7 Short Blades
 + Level 3.2 Armour
 + Level 4.7 Dodging
 + Level 2.7 Invocations


You had 5 spell levels left.
You didn't know any spells.
Your spell library was empty.

Dungeon Overview and Level Annotations

Branches:
Dungeon (5/15)
 Temple: D:4-7

Altars:


Innate Abilities, Weirdness & Mutations

You have a pair of horns on your head.
You reflexively headbutt those who attack you in melee.


Message History

You are too injured to fight recklessly!
You are too injured to fight recklessly!
You are too injured to fight recklessly!
You are too injured to fight recklessly!
You are too injured to fight recklessly!
You are too injured to fight recklessly!
You are too injured to fight recklessly!
You are too injured to fight recklessly!
You are too injured to fight recklessly!
You are too injured to fight recklessly!
You are too injured to fight recklessly!
You are too injured to fight recklessly!
You are too injured to fight recklessly!
You are too injured to fight recklessly!
You are too injured to fight recklessly!
You are too injured to fight recklessly!
The orc attacks as you move away! The orc closely misses you. x2
You hit the orc. Your headbutt misses the orc.
The orc is heavily wounded.
The ogre hits you with a +0 giant club! The orc barely misses you. x2
The orc attacks as you move away! The orc barely misses you.
You furiously retaliate!
You headbutt the orc. The ogre hits you with a +0 giant club.
The orc attacks as you move away! The orc hits you with a +0 mace.
* * * LOW HITPOINT WARNING * * *
Found a twisted glass ring.
The orc attacks as you move away! The orc barely misses you.
You furiously retaliate!
You headbutt the orc.
You kill the orc!
Found 13 gold pieces.
Found 14 gold pieces.
You see here a +6 ring of dexterity.
s - a +6 ring of dexterity
Okay, then.
You feel agile.
s - a +6 ring of dexterity (left hand)
You hit the ogre.
The ogre is poisoned.
The ogre is lightly wounded.
The ogre hits you with a +0 giant club!!
You die...

##..##o.........
#...$.......##.
##..#.##...## .
...#####...# .#
..## #.o..##..#
# ##......$#
####o......##
.#.#...O....###
.......@..###
.....######
.#... #..


You could see an ogre (very poisoned) and 2 orcs.

Vanquished Creatures
  An ogre (D:4)
  An orc priest (D:3)
  2 hounds (D:4)
  An iguana (D:3)
  3 orc wizards (D:4)
  4 adders
  A shadow imp (D:5)
  2 worms
  4 dart slugs
  12 orcs
  5 ball pythons
  5 bats
  4 endoplasms
  2 giant cockroaches (D:1)
  5 goblins
  5 hobgoblins
  A quokka (D:1)
  2 frilled lizards
  10 kobolds
  3 rats
73 creatures vanquished.

Notes
Turn   | Place    | Note
-------+----------+-------------------------------------------
     0 | D:1      | Anon1729 the Minotaur Monk began the quest for the Orb.
     0 | D:1      | Reached XP level 1. HP: 19/19 MP: 0/0
    68 | D:1      | Reached XP level 2. HP: 27/27 MP: 1/1
   268 | D:1      | Reached skill level 1 in Armour
   627 | D:1      | Reached skill level 1 in Invocations
   729 | D:2      | Reached skill level 4 in Fighting
   729 | D:2      | Reached XP level 3. HP: 31/33 MP: 2/2
  1090 | D:3      | Found a faded altar of an unknown god.
  1168 | D:3      | Reached XP level 4. HP: 40/40 MP: 4/4
  1812 | D:4      | Reached XP level 5. HP: 34/47 MP: 5/5
  2370 | D:4      | Noticed an ogre
  2380 | D:4      | Killed an ogre
  2381 | D:4      | Reached XP level 6. HP: 48/55 MP: 6/6
  2935 | D:4      | Reached skill level 5 in Fighting
  3062 | D:5      | Entered Level 5 of the Dungeon
  3090 | D:5      | Slain by an ogre

Illustrated notes

Levels and vault maps discovered:
D:1:      heliophobic_arrival_battle_scene, layout_loops_ring
D:2:      cheibrodos_pilgrimage, layout_rooms, kennysheep_generic_room_9,
          uniq_robin
D:3:      layout_loops_ring, nicolae_overflow_ecumenical_swirl,
          item_on_display_a
D:4:      layout_layer_cave, chequers_arboretum
D:5:      layout_cave_pools, nicolae_sif_muna_condensation,
          minmay_temple_entry_crystal_x, gammafunk_ghost_grave, serial_shops,
          shop, minivault_25, uniq_duvessa, uniq_prince_ribbit1

Skill      XL: |  1  2  3  4  5  6 |
---------------+-------------------+-----
Armour         | 1 2 3 |  3.2
Invocations    | 1 2 |  2.7
Fighting       | 4 5 |  5.0
Short Blades   | 4 |  4.7
Dodging        | 4 |  4.7

Action                     |  1- 3 |  4- 6 || total
---------------------------+-------+-------++-------
  Melee: Short sword       |    63 |    98 ||   161
         Headbutt          |    14 |    35 ||    49
         Dagger            |       |    34 ||    34
    Use: Potion            |     1 |       ||     1
 Armour: Robe              |    10 |     9 ||    19
         Chain mail        |       |    12 ||    12
  Dodge: Dodged            |    50 |    64 ||   114

Table legend: (Time is in decaauts)
 A = Elapsed time spent in this place.
 B = Non-inter-level travel time spent in this place.
 C = Inter-level travel time spent in this place.
 D = Time resting spent in this place.
 E = Time spent auto-exploring this place.
 F = Levels seen in this place.
 G = Mean time per level.
                   A        B        C        D        E       F      G
               +--------+--------+--------+--------+--------+-----+--------+
         Total |   3048 |   2880 |    168 |     91 |   2377 |   5 |  609.6 |
       Dungeon |   3048 |   2880 |    168 |     91 |   2377 |   5 |  609.6 |
               +--------+--------+--------+--------+--------+-----+--------+

Top non-repeatable levels by time:
     D:4: 1261 daAuts
     D:3: 970 daAuts
     D:1: 707 daAuts
     D:2: 85 daAuts
     D:5: 24 daAuts
